 Dungeon Crawl Stone Soup version 0.26-a0-651-gb41185065b (webtiles) character file.

Game seed: 3656829620038405180

33 Alarkh the Insei (level 3, 17/26 HPs)
             Began as a Demonspawn Transmuter on Oct 30, 2020.
             Got out of the dungeon alive.
             The game lasted 00:01:01 (839 turns).

Alarkh the Insei (Demonspawn Transmuter)             Turns: 839, Time: 00:01:01

Health: 17/26      AC:  2    Str:  8 (10) XL:     3   Next: 12%
Magic:  6/6        EV: 12    Int: 14 (15) God:
Gold:   64         SH:  0    Dex: 12 (13) Spells: 5/6 levels left

rFire    . . .     SeeInvis .     - Unarmed
rCold    . . .     Faith    .   (no shield)
rNeg     . . .     Spirit   +   a - +0 robe
rPois    .         Reflect  .   (no helmet)
rElec    .         Harm     .   (no cloak)
rCorr    .         Rampage  .   (no gloves)
MR       .....                  (no boots)
Stlth    +.........             (no amulet)
HPRegen  0.08/turn              (no ring)
MPRegen  0.10/turn              (no ring)

@: no status effects
A: claws 1, magic shield
a: no special abilities


You escaped.
You visited 1 branch of the dungeon, and saw 2 of its levels.

You collected 64 gold pieces.

Inventory:

Armour
 a - a +0 robe (worn)
Scrolls
 c - a scroll of teleportation {unknown}
 e - a scroll of remove curse {unknown}
Potions
 d - a potion of lignification


   Skills:
 - Level 1.0 Fighting
 - Level 1.7 Dodging
 + Level 3.9 Unarmed Combat
 - Level 2.0 Spellcasting
 - Level 1.7 Transmutations


You had 5 spell levels left.
You knew the following spells:

 Your Spells              Type           Power        Failure   Level
a - Beastly Appendage     Tmut           #.....       12%         1

Your spell library contained the following spells:

 Spells                   Type           Power        Failure   Level
 Wereblood                Tmut           #.......     17%         2
 Spider Form              Tmut/Pois      #.........   45%         3
 Ice Form                 Ice/Tmut       #.......     86%         4
 Blade Hands              Tmut           #.........   97%         5


Dungeon Overview and Level Annotations

Branches:
Dungeon (2/15)

Altars:


Innate Abilities, Weirdness & Mutations

You have sharp fingernails.
When hurt, damage is shared between your health and your magic reserves.


Message History

There was something very wrong with that liquid.
You feel weakened.
You feel dopey.
You feel clumsy.
It was a potion of curing.
You feel better.
You start resting.
Magic restored.
You start resting.
Your transformation is almost over.
You start resting.
You feel less wooden.
Your +0 robe unmelds from your body.
There is a stone staircase leading down here.
You see here a quokka corpse.
There is a stone staircase leading up here.
You climb upwards.
There is a stone staircase leading down here.
You can't go up here!
You see here a stone.
There is a staircase leading out of the dungeon here.
Are you sure you want to leave the Dungeon?
This will make you lose the game!
You have escaped!

#.## #.#.#####.# #.[#
###..###.################
#....)...#≈##≈###..#≈#≈#
#.##.##..#≈≈≈.#.#...≈≈≈#
......#..##≈.........≈≈#
#.##.....#≈...........###
#.###.#..≈.....≈≈≈.....≈#
..............≈...≈.....## ##
##.##.#.......≈.@.≈......# #.
##.##.#.#.....≈...≈......#######.
......#..≈.....≈≈≈.....≈.........
#..#######≈#.....)....≈#.########
#.##### ###.........≈≈#.#
......### #≈.......≈≈≈#.#
........# ###...#.≈≈≈≈### ###
......#.###############.## #..
......#..............#...######..


There were no monsters in sight!

Vanquished Creatures
  An adder (D:2)
  A leopard gecko (D:1)
  A bat (D:2)
  A giant cockroach (D:1)
  3 goblins
  3 hobgoblins (D:1)
  3 kobolds (D:1)
  2 quokkas (D:2)
  7 rats
22 creatures vanquished.

Notes
Turn   | Place    | Note
-------+----------+-------------------------------------------
     0 | D:1      | Alarkh the Demonspawn Transmuter began the quest for the
                  | Orb.
     0 | D:1      | Reached XP level 1. HP: 15/15 MP: 3/3
   195 | D:1      | Reached skill level 3 in Unarmed Combat
   258 | D:1      | Gained mutation: You have sharp fingernails. [demonic
                  | ancestry]
   258 | D:1      | Reached XP level 2. HP: 21/21 MP: 3/5
   740 | D:2      | Gained mutation: When hurt, damage is shared between your
                  | health and your magic reserves. [demonic ancestry]
   740 | D:2      | Reached XP level 3. HP: 10/26 MP: 4/6
   839 | D:$      | Got out of the dungeon alive.

Illustrated notes

Levels and vault maps discovered:
D:1:      enne_arrival_octagon_isle, layout_loops_cross
D:2:      layout_basic, nicolae_qazlal_eye_of_the_storm

Skill      XL: |  1 |
---------------+----+-----
Unarmed Combat | 3 |  3.9
Fighting       | |  1.0
Dodging        | |  1.7
Spellcasting   | |  2.0
Transmutations | |  1.7

Action                   || total
-------------------------++-------
Melee: Unarmed           ||    77
       Headbutt          ||     2
       Kick              ||     1
 Cast: Beastly Appendage ||     5
  Use: Potion            ||     3
Armor: Robe              ||    19
       Skin              ||     1
Dodge: Dodged            ||    56

Table legend: (Time is in decaauts)
 A = Elapsed time spent in this place.
 B = Non-inter-level travel time spent in this place.
 C = Inter-level travel time spent in this place.
 D = Time resting spent in this place.
 E = Time spent auto-exploring this place.
 F = Levels seen in this place.
 G = Mean time per level.
                   A        B        C        D        E       F      G
               +--------+--------+--------+--------+--------+-----+--------+
         Total |    834 |    774 |     60 |     41 |    560 |   2 |  417.0 |
       Dungeon |    834 |    774 |     60 |     41 |    560 |   2 |  417.0 |
               +--------+--------+--------+--------+--------+-----+--------+

Top non-repeatable levels by time:
     D:1: 691 daAuts
     D:2: 142 daAuts
